 Dungeon Crawl Stone Soup version 0.21-a0-634-gaf8bc5d (webtiles) character file.

3567 wvc the Slicer (level 9, -4/59 HPs)
             Began as a Demonspawn Artificer on Dec 29, 2017.
             Was a High Priest of Okawaru.
             Slain by a two-headed ogre
             ... wielding a +0 giant club
              (15 damage)
             ... while paralysed
             ... on level 8 of the Dungeon.
             The game lasted 00:20:51 (8212 turns).

wvc the Slicer (Demonspawn Artificer)               Turns: 8212, Time: 00:20:52

Health: -4/59      AC: 18    Str: 14    XL:     9   Next: 84%
Magic:  11/11      EV:  2    Int: 18    God:    Okawaru [*****.]
Gold:   385        SH:  0    Dex: 13    Spells: 8/8 levels left

rFire    + + .     SeeInvis .   f - +2 dagger (venom)
rCold    . . .     Gourm    .   (no shield)
rNeg     . . .     Faith    +   G - +4 ring mail {rF+}
rPois    .         Spirit   .   n - +2 helmet {Int+3}
rElec    .         Reflect  .   s - +2 cloak {MR+}
rCorr    +         Harm     .   (no gloves)
MR       +....                  I - +0 pair of boots
Stlth    +.........             u - amulet of faith
HPRegen  0.19/turn              z - ring of resist corrosion
MPRegen  0.12/turn              c - ring of protection from fire

@: paralysed, fainting
A: claws 1, slimy green scales 1, demonic guardian 1, powered by death 1
a: Heroism, Finesse, Renounce Religion


You were on level 8 of the Dungeon.
You worshipped Okawaru.
Okawaru was extremely pleased with you.
You were fainting.

You visited 2 branches of the dungeon, and saw 9 of its levels.

You collected 385 gold pieces.

Inventory:

Hand Weapons
 f - a +2 dagger of venom (weapon)
 B - a +0 rapier
Missiles
 a - 7 javelins (quivered)
 b - 5 needles of frenzy
 h - 9 needles of paralysis
 m - 52 poisoned needles
Armour
 n - a +2 helmet of intelligence (worn)
 s - a +2 cloak of magic resistance (worn)
 C - a +0 shield
 G - a +4 ring mail of fire resistance (worn)
 I - a +0 pair of boots (worn)
Jewellery
 c - a ring of protection from fire (right claw)
 u - an amulet of faith (around neck)
 v - an uncursed ring of magical power
 z - a ring of resist corrosion (left claw)
 A - an uncursed ring of protection from fire
 D - an uncursed ring of fire
 H - an uncursed amulet of the gourmand {unknown}
Wands
 d - a wand of enslavement (27)
 e - a wand of random effects (9)
 p - a wand of disintegration (16)
 F - a wand of digging (13)
 K - a wand of polymorph (16)
 M - a wand of acid (8)
Scrolls
 g - 6 scrolls of teleportation
 i - a scroll of fog
 j - 4 scrolls of remove curse
 o - a scroll of fear
 y - 3 scrolls of amnesia
 J - a scroll of vulnerability {unknown}
 N - a scroll of blinking
Potions
 k - 3 potions of lignification
 l - 2 potions of heal wounds
 q - 5 potions of curing
 r - a potion of brilliance {unknown}
 t - a potion of agility {unknown}
 w - a potion of resistance {unknown}
 x - 3 potions of haste
 E - a potion of flight
 L - a potion of mutation {unknown}


   Skills:
 - Level 1.0 Fighting
 + Level 12.6 Short Blades
 - Level 1.7 Dodging
 - Level 0.8 Stealth
 - Level 3.0 Evocations


You had 8 spell levels left.
You didn't know any spells.

Dungeon Overview and Level Annotations

Branches:
Dungeon (8/15)             Temple (1/1) D:5
   Lair: D:8-11

Altars:
Ashenzari
Cheibriados
Dithmenos
Elyvilon
Fedhas
Hepliaklqana
Kikubaaqudgha
Makhleb
Nemelex Xobeh
Okawaru
Qazlal
Ru
Sif Muna
Trog
Uskayaw
Vehumet
Xom
Yredelemnul
Zin
The Shining One


Innate Abilities, Weirdness & Mutations

You have sharp fingernails.
You are partially covered in slimy green scales. (AC +2)
A weak demonic guardian rushes to your aid.
You regenerate a little health from kills.


Message History

The black bear claws you but does no damage. x2
The two-headed ogre completely misses you.
The two-headed ogre hits you with a giant spiked club.
The black bear bites you but does no damage.
The black bear claws you but does no damage. x2
The two-headed ogre hits you with a giant club.
The two-headed ogre hits you with a giant spiked club.
The black bear bites you but does no damage.
The black bear claws you but does no damage. x2
The two-headed ogre hits you with a giant club.
* * * LOW HITPOINT WARNING * * *
The two-headed ogre hits you with a giant spiked club.
* * * LOW HITPOINT WARNING * * *
The black bear bites you but does no damage.
The black bear claws you but does no damage. x2
The black bear bites you but does no damage.
The black bear claws you but does no damage.
The black bear barely misses you.
The two-headed ogre hits you with a giant club!
You die...

#...........
#..........
#.........
+........ #.......
###......
........##########
.......O@5........
...[...h#.........
........#.........
........#..###.###
#+##+##....##..##
# #...#
#....#....#
+##≈...#
#....#..>.#
≈.≈....#
+....#()..#
.......#
#....#))..#


You could see a two-headed ogre, a black bear and a friendly ufetubus.

Vanquished Creatures
  Pikel (D:6)
  A deep elf mage (D:7)
  Joseph (D:7)
  The ghost of DEFE the Shooter, a novice DEAM (D:5)
  Sigmund (D:5)
  A hungry ghost (D:7)
  Menkaure (D:7)
  Edmund (D:6)
  3 ice beasts
  An orc warrior (D:6)
  A slave (D:6)
  A black bear (D:6)
  2 ogres
  2 centaurs (D:7)
  A big kobold (D:8)
  A bullfrog (D:6)
  A gnoll sergeant (D:7)
  A water moccasin zombie (D:5)
  A crimson imp (D:5)
  A hound (D:6)
  3 orc priests
  2 jellies
  4 orc wizards
  2 worker ants
  Robin (D:4)
  7 gnolls
  2 howler monkey skeletons
  11 adders
  2 worms (D:2)
  A dart slug (D:1)
  2 leopard geckos
  21 orcs
  2 ball pythons
  5 giant cockroaches
  9 goblins
  8 hobgoblins
  2 jackals (D:3)
  4 quokkas
  8 bats
  8 frilled lizards
  9 kobolds
  2 leopard gecko skeletons
  A quokka skeleton (D:7)
  A quokka zombie (D:6)
  5 rats
146 creatures vanquished.

Vanquished Creatures (collateral kills)
  An ogre (D:5)
  A sky beast (D:4)
  A centaur (D:7)
  A crimson imp (D:7)
  An orc priest (D:7)
  Crazy Yiuf (D:2)
  An iguana (D:4)
  2 orc wizards
  A hound zombie (D:7)
  2 adders
  An adder skeleton (D:4)
  7 orcs
  4 goblins (D:4)
  3 hobgoblins (D:4)
  2 frilled lizards
29 creatures vanquished.

Vanquished Creatures (others)
  A slave (D:6)
  A howler monkey (D:6)
  A quasit (D:6)
  A hound (D:6)
  An orc (D:3)
  A quokka (D:6)
  A plant (D:5)
7 creatures vanquished.

Grand Total: 182 creatures vanquished

Notes
Turn   | Place    | Note
-------+----------+-------------------------------------------
     0 | D:1      | wvc the Demonspawn Artificer began the quest for the Orb.
     0 | D:1      | Reached XP level 1. HP: 15/15 MP: 3/3
    81 | D:1      | Reached skill level 1 in Short Blades
   261 | D:1      | Gained mutation: A weak demonic guardian rushes to your aid. [demonic ancestry]
   261 | D:1      | Reached XP level 2. HP: 18/21 MP: 4/4
   266 | D:1      | Reached skill level 2 in Short Blades
  1269 | D:2      | Gained mutation: You are partially covered in slimy green scales. (AC +2) [demonic ancestry]
  1269 | D:2      | Reached XP level 3. HP: 23/26 MP: 5/5
  1311 | D:2      | Found a hide-covered altar of Uskayaw.
  1316 | D:2      | Noticed a hand axe
  1319 | D:2      | Noticed a dagger
  1356 | D:2      | Reached skill level 3 in Short Blades
  1485 | D:2      | Found a runed door.
  1489 | D:2      | Noticed Crazy Yiuf
  1493 | D:2      | Killed Crazy Yiuf
  1493 | D:2      | Reached XP level 4. HP: 29/32 MP: 6/6
  2024 | D:3      | Reached skill level 4 in Short Blades
  2473 | D:3      | Reached XP level 5. HP: 19/37 MP: 7/7
  2796 | D:3      | Found a burning altar of Makhleb.
  2796 | D:3      | Noticed a cacodemon
  2809 | D:3      | Noticed a smoke demon
  2809 | D:3      | Noticed an orange demon
  3382 | D:4      | Reached skill level 5 in Short Blades
  3570 | D:4      | Noticed a sky beast
  3578 | D:4      | Noticed Robin
  3644 | D:4      | Killed a sky beast
  3644 | D:4      | Gained mutation: You have sharp fingernails. [demonic ancestry]
  3644 | D:4      | Reached XP level 6. HP: 14/43 MP: 8/8
  3874 | D:4      | Killed Robin
  4036 | D:4      | Reached skill level 6 in Short Blades
  4318 | D:5      | Entered Level 5 of the Dungeon
  4327 | D:5      | Found a staircase to the Ecumenical Temple.
  4336 | Temple   | Entered the Ecumenical Temple
  4381 | Temple   | Became a worshipper of Warmaster Okawaru
  4468 | D:5      | Noticed Sigmund
  4613 | D:5      | Noticed DEFE's ghost (novice DEAM)
  4619 | D:5      | Reached XP level 7. HP: 31/48 MP: 9/9
  4672 | D:5      | Killed Sigmund
  4672 | D:5      | Reached skill level 7 in Short Blades
  4920 | D:5      | Found a stormy altar of Qazlal.
  5016 | D:5      | Reached * piety under Okawaru
  5051 | D:5      | Found a sacrificial altar of Ru.
  5241 | D:5      | Reached skill level 8 in Short Blades
  5433 | D:5      | Killed DEFE's ghost
  5433 | D:5      | Reached ** piety under Okawaru
  5433 | D:5      | Gained mutation: You regenerate a little health from kills. [demonic ancestry]
  5433 | D:5      | Reached XP level 8. HP: 50/54 MP: 10/10
  5569 | D:6      | Noticed Pikel
  5627 | D:6      | Killed Pikel
  5627 | D:6      | Reached skill level 9 in Short Blades
  6042 | D:6      | Reached skill level 10 in Short Blades
  6197 | D:6      | Noticed Edmund
  6254 | D:6      | Killed Edmund
  6254 | D:6      | Reached *** piety under Okawaru
  6504 | D:6      | Found a bloodstained altar of Trog.
  7071 | D:7      | Reached XP level 9. HP: 55/59 MP: 11/11
  7089 | D:7      | Noticed Joseph
  7104 | D:7      | Killed Joseph
  7104 | D:7      | Reached **** piety under Okawaru
  7104 | D:7      | Reached skill level 11 in Short Blades
  7353 | D:7      | Noticed Menkaure
  7354 | D:7      | Noticed a deep elf mage
  7443 | D:7      | Killed a deep elf mage
  7488 | D:7      | Killed Menkaure
  7489 | D:7      | Reached skill level 12 in Short Blades
  7535 | D:7      | Found a white marble altar of Elyvilon.
  7839 | D:7      | Found a deep blue altar of Sif Muna.
  7969 | D:7      | Reached ***** piety under Okawaru
  8157 | D:8      | Paralysed by fainting for 8 turns
  8202 | D:8      | Noticed a two-headed ogre
  8205 | D:8      | Paralysed by fainting for 10 turns
  8212 | D:8      | Slain by a two-headed ogre

Vault maps used:
D:1:      dpeg_arrival_solitude
D:2:      dancing_weapons_uskayaw, uniq_crazy_yiuf_cottage
D:3:      makhleb_altar_promises_db, minmay_box_of_dots
D:4:      first_ration, uniq_robin
D:5:      grunt_qazlal_sundering, nicolae_ru_the_path_less_chosen,
          minmay_temple_entry_large_hall, minmay_misc_feat_ornament,
          uniq_sigmund
D:6:      kennysheep_mini, uniq_pikel, uniq_edmund
D:7:      lemuel_crystal_altar, led_sif_pool, uniq_menkaure, uniq_joseph
D:8:      gammafunk_temple_overflow_wave, hangedman_little_slice_of_home
Temple:   cyrus_circular_temple

Skill      XL: |  1  2  3  4  5  6  7  8  9 |
---------------+----------------------------+-----
Short Blades   | 1 2 3 4 5 6 8 10 12 | 12.6
Fighting       | |  1.0
Dodging        | |  1.7
Stealth        | |  0.8
Evocations     | |  3.0

Action                   |  1- 3 |  4- 6 |  7- 9 || total
-------------------------+-------+-------+-------++-------
Melee: Short sword       |   112 |   303 |   310 ||   725
       Rapier            |       |       |   128 ||   128
       Dagger            |       |       |    61 ||    61
Throw: Throwing net      |       |     2 |     2 ||     4
Evoke: Wand              |    12 |    10 |    17 ||    39
  Use: Scroll            |       |     9 |     6 ||    15
       Potion            |       |       |     1 ||     1
 Stab: Sleeping          |       |     1 |       ||     1
       Held in net/web   |       |     2 |       ||     2
       Distracted        |       |       |     3 ||     3
  Eat: Chunk             |     2 |     2 |     5 ||     9
       Ration            |       |     3 |     4 ||     7
Armor: Leather armour    |    38 |     7 |       ||    45
       Ring mail         |       |   119 |   196 ||   315
Dodge: Dodged            |   102 |   143 |   177 ||   422

Table legend:
 A = Spawn XP
 B = Non-spawn XP
 C = Spawn XP percentage of total XP
 D = Spawn monster count
 E = Non-spawn monster count
 F = Spawn count percentage of total count
 G = Total turns spent on level
                    A         B        C        D         E        F      G
               +---------+---------+-------+---------+---------+-------+---------
         Total |       0 |    5096 |   0.0 |       0 |     174 |   0.0 |  8212
               +---------+---------+-------+---------+---------+-------+---------
           D:1 |       0 |      35 |   0.0 |       0 |      19 |   0.0 |  1163
           D:2 |       0 |      85 |   0.0 |       0 |      15 |   0.0 |   562
           D:3 |       0 |      99 |   0.0 |       0 |      27 |   0.0 |  1611
           D:4 |       0 |     433 |   0.0 |       0 |      32 |   0.0 |  1086
           D:5 |       0 |     873 |   0.0 |       0 |      18 |   0.0 |  1080
           D:6 |       0 |    1267 |   0.0 |       0 |      23 |   0.0 |  1536
           D:7 |       0 |    2032 |   0.0 |       0 |      29 |   0.0 |   916
           D:8 |       0 |     272 |   0.0 |       0 |      11 |   0.0 |   204
               +---------+---------+-------+---------+---------+-------+---------
